 Dungeon Crawl Stone Soup version 0.32-a0-630-g46d191b0ed (webtiles) character file.

Game seed: 2757994355895862414

49682 jasper the Summoner (level 14, -2/88 HPs)
             Began as a Deep Elf Cinder Acolyte on Mar 6, 2024.
             Was a Believer of Kikubaaqudgha.
             Slain by a hornet (12 damage)
             ... while paralysed by a hornet
             ... on level 5 of the Lair of Beasts.
             The game lasted 00:37:41 (22648 turns).

jasper the Summoner (Deep Elf Cinder Acolyte)      Turns: 22648, Time: 00:37:42

Health: -2/88      AC: 12    Str: 14    XL:     14   Next: 16%
Magic:  22/28      EV:  2    Int: 40    God:    Kikubaaqudgha [**....]
Gold:   500        SH:  0    Dex: 10    Spells: 9/29 levels left

rFire   . . .        A - +7 rapier of Brawling {venom, Str+3 Stlth+}
rCold   + . .        (no shield)
rNeg    . . .        G - +0 toga "Victory" {*Victory Clar}
rPois   .            w - +2 helmet {SInv}
rElec   .            j - +1 cloak
rCorr   +            (no gloves)
SInv    +            K - +4 pair of boots of Trial and Error {rC+ rCorr Int+3}
Will    +....        Q - amulet of regeneration
Stlth   ++           g - +6 ring of intelligence
HPRegen 1.14/turn    c - +6 ring of intelligence
MPRegen 0.21/turn

%: clarity
@: paralysed, lethally poisoned (-2 -> -3), slowed, studying Long Blades, fire
susceptible
A: no striking features
a: Renounce Religion, Unearth Wretches


You were on level 5 of the Lair of Beasts.
You worshipped Kikubaaqudgha.
Kikubaaqudgha was pleased with you.
You visited 4 branches of the dungeon, and saw 18 of its levels.
You also visited: Bailey.

You collected 1019 gold pieces.
You spent 519 gold pieces at shops.

Inventory:

Hand Weapons
 A - the +7 rapier of Brawling (weapon) {venom, Str+3 Stlth+}
   (You found it on level 5 of the Dungeon)

   Str+3:     It affects your strength (+3).
   Stlth+:    It makes you more stealthy.
Missiles
 B - 2 throwing nets
 W - a curare-tipped dart
Armour
 j - a +1 cloak (worn)
 w - a +2 helmet of see invisible (worn)
 E - +0 shadow dragon scales
 G - the +0 toga "Victory" (worn) {*Victory Clar}
   (You found it on level 6 of the Dungeon)

   *Victory:  When the wearer kills a threatening monster, it has a chance to
   gain +1 AC, +1 Slay, and +1 Int, capping at +7.
   When the wearer uses a scroll or a potion with a hostile monster in sight,
   its bonuses reset to +0.
   Unequipping it also resets its bonuses to +0.
   Clar:      It protects you from confusion, rage, mesmerisation and fear.
 H - a +2 robe of fire resistance
 K - the +4 pair of boots of Trial and Error (worn) {rC+ rCorr Int+3}
   (You bought it in a shop on level 4 of the Dungeon)

   Int+3:     It affects your intelligence (+3).
   rC+:       It protects you from cold.
   rCorr:     It protects you from acid and corrosion.
 O - an orb of guile
Magical Staves
 C - a staff of cold
Jewellery
 b - a ring of positive energy
 c - a +6 ring of intelligence (right hand)
 d - a +4 ring of protection
 g - a +6 ring of intelligence (left hand)
 h - a +4 ring of protection
 k - a ring of poison resistance
 m - a ring of ice
 n - a +6 ring of strength
 t - a ring of magical power
 v - an amulet of the acrobat
 L - a ring of magical power
 Q - an amulet of regeneration (around neck)
 T - a ring of ice
 U - a +6 ring of dexterity
 X - a ring of resist corrosion
Wands
 a - a wand of mindburst (12)
 x - a wand of flame (43)
 N - a wand of warping (10)
 Z - a wand of polymorph (5)
Scrolls
 e - 2 scrolls of identify
 l - a scroll of torment
 p - 7 scrolls of teleportation
 q - 2 scrolls of revelation
 r - a scroll of amnesia
 s - 2 scrolls of fog
 y - a scroll of vulnerability
 I - 4 scrolls of poison
 J - 2 scrolls of enchant weapon
 S - a scroll of fear
 V - 2 scrolls of butterflies
Potions
 f - 2 potions of ambrosia
 i - 4 potions of might
 o - 2 potions of haste
 u - 2 potions of lignification
 z - 6 potions of curing
 D - 2 potions of attraction
 F - a potion of brilliance
 M - a potion of mutation
 P - a potion of degeneration
 R - 3 potions of enlightenment


   Skills:
 + Level 10.0 Fighting
 - Level 2.1 Polearms
 + Level 11.5 Dodging
 - Level 8.0 Spellcasting
 - Level 14.0 Summonings
 * Level 8.0 Necromancy
 - Level 13.0 Translocations
 - Level 4.1 Fire Magic
 - Level 5.0 Air Magic


You had 9 spell levels left.
You knew the following spells:

 Your Spells              Type           Power      Damage    Failure   Level
a - Scorch                Fire           98%        2d9       1%          2
b - Summon Lightning Spi  Summ/Air       75%        N/A       1%          4
c - Apportation           Tloc           100%       N/A       0%          1
d - Malign Gateway        Summ/Tloc      44%        N/A       7%          7
e - Airstrike             Air            27%        2d(4-20)  2%          4
f - Sublimation of Blood  Necr           69%        N/A       1%          2

Your spell library contained the following spells:

 Spells                   Type           Power      Damage    Failure   Level
 Summon Small Mammal      Summ           100%       N/A       0%          1
 Necrotise                Necr           100%       1d9       1%          1
 Cigotuvi's Dreadful Rot  Necr/Alch/Air  100%       N/A       1%          2
 Static Discharge         Conj/Air       72%        3-6/arc   1%          2
 Gell's Gravitas          Tloc           88%        N/A       1%          3
 Teleport Other           Tloc           88%        N/A       1%          3
 Vampiric Draining        Necr           69%        2d10      1%          3
 Animate Dead             Necr           69%        N/A       1%          4
 Manifold Assault         Tloc           88%        N/A       1%          4
 Dispersal                Tloc           44%        N/A       1%          6
 Slow                     Hex            64%        N/A       2%          1
 Sting                    Conj/Alch      64%        1d7       2%          1
 Confusing Touch          Hex            16%        N/A       6%          3
 Frozen Ramparts          Ice            32%        1d5       6%          3
 Sigil of Binding         Hex            16%        N/A       6%          3
 Ignite Poison            Fire/Alch      32%        N/A       9%          4
 Leda's Liquefaction      Alch/Erth      8%         N/A       22%         4
 Petrify                  Alch/Erth      16%        N/A       22%         4
 Metabolic Englaciation   Hex/Ice        8%         N/A       52%         5
 Disjunction              Tloc           44%        N/A       56%         8


Dungeon Overview and Level Annotations

Branches:
Dungeon (11/15)            Temple (1/1) D:5            Lair (5/5) D:8
  Swamp (0/4) Lair:2       Spider (0/4) Lair:2        Slime (0/5) Lair:4
    Orc (1/2) D:9          Bailey (visited)

Altars:
Ashenzari
Cheibriados
Dithmenos
Elyvilon
Fedhas
Gozag
Hepliaklqana
Kikubaaqudgha
Makhleb
Nemelex Xobeh
Okawaru
Qazlal
Ru
Sif Muna
Trog
Uskayaw
Vehumet
Wu Jian
Xom
Yredelemnul
Zin
The Shining One

Shops:
D:4 [?*   D:10 *   D:11 *

Annotations:
Lair:2 1 runed translucent door, jlumianski's ghost, journeyman CoGl
Lair:5 exclusion: oklob plant


Message History

The wolf closely misses you.
You take 4 damage, and have 50/88 hp.
You barely miss the wolf.
The wolf is heavily wounded.
The wolf barely misses you. The wolf bites you but does no damage.
The hornet closely misses you. The wolf closely misses you. x2
The hornet misses you.
Casting: Summon Lightning Spire (safe; 1% risk of failure)
Confirm with . or Enter, or press ? or * to list all spells.
The dungeon shakes, a horrible noise fills the air, and a portal to some otherworldly place is opened!
You hear a screech!
The wolf bites you but does no damage. x2; The hornet barely misses you.
The wolf bites you but does no damage. The wolf barely misses you.
The hornet stings you!
You are poisoned.
You feel yourself slow down.
You take 6 damage, and have 45/88 hp.
You now have 21/28 mp.
You feel very sick. The wolf attacks as it pursues you! The wolf misses you.
The hornet stings you.
You are more poisoned.
You feel as though you will be slow longer.
The wolf closely misses you. The hornet barely misses you.
The wolf barely misses you. The wolf completely misses you.
You take 9 damage, and have 36/88 hp.
You feel very sick. The wolf attacks as it pursues you! The wolf misses you.
The hornet closely misses you. The wolf bites you.
You take 9 damage, and have 27/88 hp.
You feel very sick.
The hornet barely misses you. x2; The wolf closely misses you.
The wolf bites something!
The hornet stings you.
* * * LOW HITPOINT WARNING * * *
You suddenly lose the ability to move!
The wolf bites you but does no damage.
You feel very sick.
The wolf bites something but does no damage.
The wolf bites you!
* * * LOW HITPOINT WARNING * * *
The hornet stings you!
You die...
Kikubaaqudgha rasps: You have failed me!
Welcome... death!

....# ##...### ....#....#......#.
....###....#.#......#..P...#.....
.....#..)....#......... .......P○
.............#...#.... .........
....#..#........P#.. .#......
.............†.....# ## #.......
......P.#...P.*....# .P# ##P.####
#....####...#<§...###..# ##P #
.....# #....#.#@.##..## # .....#
###..#hyh.#....# ...)..#
#...†.#..# ..# .....##
#.......##..# .....#
#...#.......# ##
#.................# #
#................## .
...#...##.P......#
...###.#.###.....#


You could see a hornet and 2 wolves.

Vanquished Creatures
  2 two-headed ogres
  A boulder beetle (D:11)
  A bog body (Lair:2)
  Pikel (D:5)
  An ugly thing (D:11)
  A black mamba (Lair:1)
  3 cane toads
  A torpor snail (Lair:2)
  2 elephants (Lair:4)
  A rime drake (Lair:2)
  5 komodo dragons
  A kobold demonologist (D:9)
  2 polar bears
  Prince Ribbit (D:6)
  A snapping turtle (Lair:5)
  Sigmund (D:6)
  2 shadows (D:10)
  A wraith (D:10)
  A warg (D:8)
  12 yaks
  2 wyverns
  4 water moccasins
  Edmund (D:6)
  Duvessa (D:7)
  An acid dragon (D:9)
  2 orc warriors
  A black bear (D:6)
  2 ogres
  2 wolves
  3 centaurs
  A lemure (D:5)
  2 phantoms
  A kobold brigand (D:10)
  An elf zombie (D:6)
  A scorpion (D:7)
  9 bullfrogs
  An elf skeleton (D:6)
  7 wights
  Dowan (D:7)
  3 killer bees (D:8)
  3 howler monkeys
  A vampire bat (Bailey)
  4 wolf zombies (Bailey)
  An electric eel (Lair:2)
  2 bombardier beetles
  3 jellies
  Crazy Yiuf (D:3)
  5 orc priests
  A sleepcap (D:6)
  4 iguanas
  A human skeleton (D:6)
  5 orc wizards
  6 adders
  6 gnolls
  A white imp (D:7)
  2 ufetubi (D:6)
  2 ribbon worms
  3 dart slugs
  34 orcs
  7 ball pythons
  11 endoplasms
  5 giant cockroaches
  5 hobgoblins
  7 jackals (D:2)
  9 kobolds
  4 quokkas
  6 bats
  4 frilled lizards (D:1)
  8 goblins
  An orc skeleton (D:6)
  8 orc zombies
  4 rats
251 creatures vanquished.

Vanquished Creatures (collateral kills)
  Gastronok (Lair:3)
  A storm dragon (Lair:2)
  8 hydras
  A catoblepas (Lair:2)
  2 death yaks
  4 skysharks
  A sea snake (Lair:5)
  A harpy (Lair:5)
  A manticore (Lair:5)
  11 elephants
  5 black mambas
  A gargoyle (Bailey)
  4 cane toads
  3 komodo dragons
  3 kobold demonologists
  A wind drake (Lair:5)
  2 trolls (D:11)
  3 polar bears
  7 blink frogs
  2 jumping spiders (Lair:2)
  33 yaks
  A shadow (D:10)
  5 fire elementals
  Eustachio (D:4)
  A steam dragon (D:9)
  3 basilisks
  2 swamp worms (Lair:2)
  8 water moccasins
  2 black bears
  An ogre (D:5)
  23 wolves
  2 centaurs
  4 kobold brigands
  3 bullfrogs
  A gnoll sergeant (D:7)
  A scorpion (D:7)
  10 wights
  6 killer bees
  2 nameless horrors
  5 vampire bats (Bailey)
  4 wolf zombies (Bailey)
  12 jellies
  A hound (D:6)
  6 orc priests
  2 gnoll boudas
  An iguana (D:5)
  5 orc wizards
  10 gnolls
  A shadow imp (D:5)
  A white imp (D:8)
  A dart slug (D:4)
  15 orcs
  An endoplasm (Lair:4)
  3 kobolds
  10 orc zombies (Bailey)
249 creatures vanquished.

Vanquished Creatures (others)
  24 eldritch tentacles
  An elephant (Lair:4)
  A cane toad (Lair:4)
  A bullfrog (Lair:4)
27 creatures vanquished.

Grand Total: 527 creatures vanquished

Notes
Turn   | Place    | Note
-------+----------+-------------------------------------------
     0 | D:1      | jasper the Deep Elf Cinder Acolyte began the quest for the
                  | Orb.
     0 | D:1      | Reached XP level 1. HP: 13/13 MP: 5/5
   238 | D:1      | Reached XP level 2. HP: 13/18 MP: 7/7
   301 | D:1      | Reached skill level 1 in Dodging
   499 | D:1      | Learned a level 2 spell: Scorch
   642 | D:1      | Reached XP level 3. HP: 15/22 MP: 1/8
  1304 | D:2      | Reached XP level 4. HP: 28/28 MP: 2/10
  1554 | D:2      | Got Heniunos's Octavo of Points and the Dragon
  1842 | D:2      | Learned a level 4 spell: Summon Lightning Spire
  2236 | D:2      | Reached XP level 5. HP: 32/32 MP: 6/11
  2239 | D:2      | Reached skill level 1 in Air Magic
  2244 | D:2      | Reached skill level 1 in Summonings
  2968 | D:3      | Found a blossoming altar of Fedhas.
  2970 | D:3      | Found a basalt altar of Yredelemnul.
  2972 | D:3      | Found a glowing silver altar of Zin.
  2972 | D:3      | Found an ornate altar of the Wu Jian Council.
  2975 | D:3      | Reached skill level 2 in Summonings
  3291 | D:3      | Noticed an ogre
  3297 | D:3      | Killed an ogre
  3298 | D:3      | Reached skill level 3 in Summonings
  3298 | D:3      | Reached XP level 6. HP: 37/37 MP: 3/12
  3841 | D:3      | Found a runed translucent door.
  3842 | D:3      | Noticed Crazy Yiuf
  4003 | D:3      | Learned a level 1 spell: Apportation
  4175 | D:3      | Paralysed by Crazy Yiuf for 1 turns
  4178 | D:3      | Killed Crazy Yiuf
  4394 | D:4      | Noticed Eustachio
  4409 | D:4      | Reached skill level 4 in Summonings
  4415 | D:4      | Killed Eustachio
  4416 | D:4      | Reached XP level 7. HP: 39/41 MP: 2/13
  4573 | D:4      | Found Mezxim's Antique Armour Shoppe.
  4595 | D:4      | Bought a glowing helmet for 150 gold pieces
  4737 | D:4      | Found Sucuz's Magic Scroll Shoppe.
  4738 | D:4      | Found Fammauc's Assorted Antiques.
  4744 | D:4      | Reached skill level 5 in Summonings
  4744 | D:4      | Reached skill level 5 in Air Magic
  5554 | D:5      | Entered Level 5 of the Dungeon
  5651 | D:5      | Learned a level 7 spell: Malign Gateway
  5777 | D:5      | Reached skill level 1 in Translocations
  5917 | D:5      | Found a staircase to the Ecumenical Temple.
  6062 | D:5      | Reached XP level 8. HP: 46/46 MP: 7/16
  6176 | D:5      | Noticed Pikel
  6191 | D:5      | Killed Pikel
  6192 | D:5      | Reached skill level 6 in Summonings
  6450 | D:5      | Reached skill level 7 in Summonings
  6542 | D:5      | Identified the +7 rapier of Brawling {venom, Str+3 Stlth+}
  6817 | D:6      | Reached skill level 5 in Translocations
  6947 | D:6      | Reached XP level 9. HP: 27/52 MP: 8/17
  7402 | D:6      | Noticed Edmund
  7411 | D:6      | Killed Edmund
  7412 | D:6      | Reached skill level 8 in Summonings
  7862 | D:6      | Noticed Prince Ribbit
  7873 | D:6      | Killed Prince Ribbit
  8104 | D:6      | Found the +0 toga "Victory" {*Victory Clar}
  8231 | D:6      | Noticed Sigmund
  8236 | D:6      | Killed Sigmund
  8556 | D:6      | Reached skill level 5 in Fighting
  8873 | D:7      | Reached skill level 9 in Summonings
  8954 | D:7      | Noticed Duvessa
  8955 | D:7      | Noticed Dowan
  8959 | D:7      | Killed Dowan
  8963 | D:7      | Killed Duvessa
  9196 | D:7      | Found a flagged portal.
  9218 | Bailey   | Entered a bailey
  9566 | Bailey   | Noticed a gargoyle
  9578 | Bailey   | Killed a gargoyle
  9981 | Bailey   | Reached XP level 10. HP: 59/59 MP: 12/18
 10735 | D:7      | Reached skill level 10 in Summonings
 11011 | D:4      | Bought a pair of encrusted boots for 190 gold pieces
 11011 | D:4      | Identified the +4 pair of boots of Trial and Error {rC+
                  | rCorr Int+3} (You bought it in a shop on level 4 of the
                  | Dungeon)
 11644 | D:7      | You fall into a shaft and drop 2 floors!
 11807 | D:9      | Found an iron altar of Okawaru.
 12491 | D:8      | Found a staircase to the Lair.
 12509 | D:8      | Reached skill level 11 in Summonings
 12632 | D:8      | Identified the +6 plate armour of Ozueqipo {Regen+ Str+4
                  | Int+2}
 12967 | D:8      | Reached skill level 10 in Translocations
 13317 | D:9      | Reached XP level 11. HP: 64/64 MP: 14/19
 13438 | D:9      | Noticed a sixfirhy
 13537 | D:9      | Found a staircase to the Orcish Mines.
 13537 | D:9      | Noticed a two-headed ogre
 13541 | D:9      | Killed a two-headed ogre
 13542 | D:9      | Reached skill level 12 in Summonings
 13925 | Orc:1    | Entered Level 1 of the Orcish Mines
 13948 | D:10     | Entered Level 10 of the Dungeon
 14207 | D:10     | Found Idoufosh's General Store.
 14220 | D:10     | Bought a scroll of butterflies for 44 gold pieces
 14564 | D:10     | Learned a level 4 spell: Airstrike
 14798 | D:11     | Reached skill level 13 in Summonings
 15157 | D:11     | Found Xikhlagh's General Store.
 15164 | D:11     | Bought a scroll of teleportation for 45 gold pieces
 15164 | D:11     | Bought a scroll of fear for 60 gold pieces
 15164 | D:11     | Bought a scroll of identify for 30 gold pieces
 15211 | D:11     | Noticed a two-headed ogre
 15214 | D:11     | Killed a two-headed ogre
 15223 | D:11     | Noticed a boulder beetle
 15241 | D:11     | Killed a boulder beetle
 15418 | D:11     | Noticed a cyan ugly thing
 15431 | D:11     | Killed a cyan ugly thing
 16149 | Lair:1   | Entered Level 1 of the Lair of Beasts
 16360 | Lair:1   | Reached XP level 12. HP: 70/70 MP: 8/20
 16620 | Lair:1   | Reached skill level 14 in Summonings
 16695 | Lair:1   | Reached skill level 5 in Spellcasting
 16908 | Lair:1   | You fall into a shaft and drop 1 floor!
 16997 | Lair:2   | Noticed a catoblepas
 17001 | Lair:2   | Killed a catoblepas
 17337 | Lair:2   | Found a runed translucent door.
 17848 | Lair:2   | Noticed a death yak
 17848 | Lair:2   | Noticed a death yak
 17851 | Lair:2   | a death yak changed into a storm dragon
 17851 | Lair:2   | Noticed a storm dragon
 17855 | Lair:2   | Killed a storm dragon
 17856 | Lair:2   | Reached skill level 5 in Dodging
 17857 | Lair:2   | Killed a death yak
 17859 | Lair:2   | Noticed a six-headed hydra
 17862 | Lair:2   | Killed a seven-headed hydra
 17963 | Lair:2   | Noticed a four-headed hydra
 17968 | Lair:2   | Killed a three-headed hydra
 18039 | Lair:2   | Noticed a four-headed hydra
 18045 | Lair:2   | Killed a four-headed hydra
 18349 | Lair:2   | Found a hole to the Spider Nest.
 18595 | Lair:2   | Found a staircase to the Swamp.
 18610 | Lair:2   | Reached XP level 13. HP: 58/78 MP: 25/27
 18976 | Lair:2   | Noticed jlumianski's ghost (journeyman CoGl)
 19106 | Lair:3   | Noticed Gastronok
 19115 | Lair:3   | Killed Gastronok
 19869 | Temple   | Entered the Ecumenical Temple
 19896 | Temple   | Fell from the grace of Ignis
 19896 | Temple   | Became a worshipper of Kikubaaqudgha
 20364 | Lair:4   | Reached * piety under Kikubaaqudgha
 20364 | Lair:4   | Received a gift from Kikubaaqudgha
 20365 | Lair:4   | Reached skill level 10 in Dodging
 20371 | Lair:4   | Learned a level 2 spell: Sublimation of Blood
 20721 | Lair:4   | Reached skill level 1 in Necromancy
 21162 | Lair:4   | Reached skill level 5 in Necromancy
 21398 | Lair:4   | Found a staircase to the Slime Pits.
 21707 | Lair:4   | You fall into a shaft and drop 1 floor!
 21707 | Lair:5   | Entered Level 5 of the Lair of Beasts
 21914 | Lair:5   | Reached ** piety under Kikubaaqudgha
 21915 | Lair:5   | Reached XP level 14. HP: 87/87 MP: 20/28
 22530 | Lair:5   | Reached skill level 10 in Fighting
 22647 | Lair:5   | Paralysed by a hornet for 3 turns
 22648 | Lair:5   | Slain by a hornet

Illustrated notes

Levels and vault maps discovered:
D:1:      dpeg_arrival_castle, layout_loops_ring, grunt_decor_fettered,
          minmay_misc_feat_ornament, serial_bayou_pond_d,
          corexii_item_surrounded_by_moat, kennysheep_minor_cross, minivault_24,
          kennysheep_another_room
D:2:      layout_basic
D:3:      layout_basic, mainiacjoe_overflow_alcove_3, uniq_crazy_yiuf_cottage
D:4:      layout_loops_ring, nicolae_wooded_promenade, kennysheep_small_square,
          uniq_eustachio
D:5:      layout_basic, minmay_temple_entry_large_hall, minmay_misc_feat_doors,
          minmay_splitting_lines, minivault_1, due_unseen_surprise, uniq_pikel
D:6:      layout_basic, nicolae_ossuary_entry_catacombs, uniq_edmund,
          uniq_sigmund, uniq_prince_ribbit1
D:7:      layout_basic, enter_bailey_5, uniq_duvessa
D:8:      layout_loops_ring, erik_lair_orcish_takeover, minmay_manual_mares
D:9:      layout_irregular_city, mainiacjoe_overflow_surrounded_room,
          orc_0_dummy
D:10:     layout_rooms, serial_shops, nicolae_stop_n_shop_2
D:11:     wander_river, layout_loops_cross, serial_shops, shop
Temple:   bh_familiar_temple
Lair:1:   layout_chaotic_city, serial_bayou_shore_b
Lair:2:   layout_long_grid, nicolae_swamp_entry_splash_gauntlet,
          spider_nest_entry_rubble, ebering_ghost_reflecting_pool,
          hangedman_lair_generics_rect
Lair:3:   beargit_carnivore_pack, layout_hall_layers, lemuel_fruit_fields,
          uniq_gastronok
Lair:4:   layout_regular_city, minmay_slime_entry_jelly_boxes,
          infiniplex_staircase_pool
Lair:5:   gammafunk_lair_ancient_temple, layout_gridlike, uniq_kirke
Orc:1:    layout_caves, basic_altar, guppyfry_library_mini, uniq_josephine,
          uniq_erolcha, uniq_snorg, uniq_erica

Skill      XL: |  1  2  3  4  5  6  7  8  9 10 11 12 13 14 |
---------------+-------------------------------------------+-----
Spellcasting   | 2 3 4 8 |  8.0
Dodging        | 1 2 7 11 | 11.5
Fighting       | 3 4 5 6 8 9 10 | 10.0
Fire Magic     | 4 |  4.1
Air Magic      | 3 4 5 |  5.0
Summonings     | 3 4 5 7 9 11 13 14 | 14.0
Translocations | 2 5 8 10 12 13 | 13.0
Necromancy     | 6 8 |  8.0
Polearms       | |  2.1

Action                     |  1- 3 |  4- 6 |  7- 9 | 10-12 | 13-15 || total
---------------------------+-------+-------+-------+-------+-------++-------
  Melee: Spear             |    75 |    10 |       |       |       ||    85
         Short sword       |       |    22 |    20 |       |       ||    42
         Rapier            |       |       |    39 |   143 |    49 ||   231
   Cast: Scorch            |    15 |    72 |   155 |   102 |     2 ||   346
         Summon Lightning  |       |     1 |    26 |    57 |    15 ||    99
         Airstrike         |       |       |       |    50 |    17 ||    67
         Malign Gateway    |       |       |       |     5 |    21 ||    26
 Invoke: Fiery Armour      |     1 |     1 |     3 |     2 |       ||     7
  Evoke: Wand              |       |       |       |     3 |       ||     3
    Use: Scroll            |     7 |     4 |     9 |     7 |     4 ||    31
         Potion            |       |       |     5 |     1 |     3 ||     9
   Stab: Sleeping          |       |       |     4 |       |     1 ||     5
 Armour: Ring mail         |    39 |     8 |       |       |       ||    47
         Robe              |       |    16 |    99 |   180 |   119 ||   414
  Dodge: Dodged            |    35 |    25 |    78 |   209 |   142 ||   489

Table legend: (Time is in decaauts)
 A = Elapsed time spent in this place.
 B = Non-inter-level travel time spent in this place.
 C = Inter-level travel time spent in this place.
 D = Time resting spent in this place.
 E = Time spent auto-exploring this place.
 F = Levels seen in this place.
 G = Mean time per level.
                   A        B        C        D        E       F      G
               +--------+--------+--------+--------+--------+-----+--------+
         Total |  22728 |  21489 |   1239 |   2008 |  16195 |  19 | 1196.2 |
       Dungeon |  15239 |  14335 |    904 |    868 |  11636 |  11 | 1385.4 |
        Temple |     53 |      1 |     52 |      0 |      0 |   1 |   53.0 |
          Lair |   6288 |   6006 |    282 |    872 |   3945 |   5 | 1257.6 |
  Orcish Mines |      1 |      1 |      0 |      0 |      0 |   1 |    1.0 |
        Bailey |   1145 |   1145 |      0 |    268 |    614 |   1 | 1145.0 |
               +--------+--------+--------+--------+--------+-----+--------+

Top non-repeatable levels by time:
  Lair:2: 2205 daAuts
     D:6: 2194 daAuts
  Lair:4: 1752 daAuts
     D:3: 1697 daAuts
     D:7: 1492 daAuts
     D:4: 1388 daAuts
     D:2: 1362 daAuts
     D:8: 1348 daAuts
     D:5: 1335 daAuts
     D:1: 1173 daAuts
    D:11: 1146 daAuts
  Bailey: 1145 daAuts
     D:9: 1130 daAuts
  Lair:3: 1029 daAuts
    D:10: 968 daAuts
